 Dungeon Crawl Stone Soup version 0.27.1-33-g824d729ab1 (webtiles) character file.

Game seed: 2193026290197808247

7 Descartes the Magician (level 1, 0/9 HPs)
             Began as a Felid Wanderer on Nov 25, 2021.
             Frozen to death by an endoplasm (2 damage)
             ... on level 1 of the Dungeon.
             The game lasted 00:00:44 (69 turns).

Descartes the Magician (Felid Wanderer)               Turns: 69, Time: 00:00:45

Health: 0/9        AC:  1    Str:  7    XL:     1   Next: 91%
Magic:  5/5        EV: 15    Int: 13    God:
Gold:   0          SH:  0    Dex: 16    Spells: 4/6 levels left
                                        Lives:  0   Deaths: 0

rFire    . . .     SeeInvis +     - Unarmed
rCold    . . .     Faith    .   (shield unavailable)
rNeg     . . .     Spirit   .   (armour unavailable)
rPois    .         Reflect  .   (helmet unavailable)
rElec    .         Harm     .   (cloak unavailable)
rCorr    .         Rampage  .   (gloves unavailable)
Will     .....                  (boots unavailable)
Stlth    ++........             (no amulet)
HPRegen  0.03/turn              (no ring)
MPRegen  0.09/turn              (no ring)

@: quick
A: very small, claws 1, fangs 3, see invisible, speed 1, shaggy fur 1, stealthy
paws, no weapons or thrown items, no armour, multi-lived
a: no special abilities


You were on level 1 of the Dungeon.
You visited 1 branch of the dungeon, and saw 1 of its levels.

Inventory:

Missiles
 b - 23 stones
Potions
 a - a potion of lignification


   Skills:
 - Level 1.0 Fighting
 + Level 2.3 Stealth
 - Level 2.0 Unarmed Combat
 - Level 3.0 Spellcasting
 + Level 2.1 Conjurations
 - Level 1.1 Evocations


You had 4 spell levels left.
You knew the following spells:

 Your Spells              Type           Power      Damage    Failure   Level
a - Magic Dart            Conj           28%        1d4       10%         1
b - Apportation           Tloc           2%         N/A       22%         1

Your spell library contained the following spells:

 Spells                   Type           Power      Damage    Failure   Level
 Blink                    Tloc           N/A        N/A       34%         2
 Call Imp                 Summ           1%         N/A       34%         2
 Slow                     Hex            1%         N/A       34%         2
 Conjure Flame            Conj/Fire      4%         6-21      41%         3
 Mephitic Cloud           Conj/Pois/Air  3%         N/A       45%         3
 Gell's Gravitas          Tloc           0%         N/A       56%         3


Dungeon Overview and Level Annotations

Branches:
Dungeon (1/15)

Altars:


Innate Abilities, Weirdness & Mutations

You have sharp claws.
You have razor-sharp teeth.
You have supernaturally acute eyesight. (SInv)
You cover ground quickly. (Speed+)
You are covered in fur. (AC +1)
Your paws help you pounce on unaware monsters.
You are incapable of wielding weapons or throwing items.
You cannot wear armour.
You gain extra lives every three experience levels.


Message History

You scratch the goblin but do no damage.
The goblin closely misses you.
You scratch the goblin.
The goblin is moderately wounded.
The goblin misses you.
You scratch the goblin.
You kill the goblin!
No target in view!
No target in view!
No target in view!
No target in view!
No target in view!
No target in view!
No target in view!
No target in view!
No target in view!
No target in view!
No target in view!
No target in view!
No target in view!
Things that are here:
a +0 club; a goblin corpse A dart slug comes into view.
An endoplasm and a goblin come into view.
The goblin shouts!
The endoplasm quivers.
You scratch the goblin.
You kill the goblin!
Things that are here:
a +0 club; a goblin corpse The endoplasm hits you.
You scratch the endoplasm.
The endoplasm is almost dead.
The dart slug launches a dart at you. The slug dart hits you.
Ouch! That really hurt!
* * * LOW HITPOINT WARNING * * *
The endoplasm freezes you.
You are frozen.
You die...

.. ..#. #
#..... #.
#.##.#
###)##.##w#
..........#
#.......# #
#......#.#
#.#..)@J.#
##.#.#.........
#..).#.........
#..####........
#.......#####..
#.####### .
########.#
###........#
.##.#####..#


You could see a dart slug and an endoplasm.

Vanquished Creatures
  A giant cockroach (D:1)
  4 goblins (D:1)
  A rat (D:1)
6 creatures vanquished.

Notes
Turn   | Place    | Note
-------+----------+-------------------------------------------
     0 | D:1      | Descartes the Felid Wanderer began the quest for the Orb.
     0 | D:1      | Descartes set off with the following items: a potion of
                  | lignification; and the following spells available to
                  | memorise: Magic Dart, Apportation, Blink, Call Imp, Slow,
                  | Conjure Flame, Mephitic Cloud, Gell's Gravitas
     0 | D:1      | Reached XP level 1. HP: 9/9 MP: 5/5
    42 | D:1      | Learned a level 1 spell: Magic Dart
    44 | D:1      | Learned a level 1 spell: Apportation
    69 | D:1      | Frozen to death by an endoplasm

Illustrated notes

Levels and vault maps discovered:
D:1:      dpeg_arrival_rooms_b, layout_loops_cross

Skill      XL: |  1 |
---------------+----+-----
Stealth        | 2 |  2.3
Conjurations   | 2 |  2.1
Fighting       | |  1.0
Unarmed Combat | |  2.0
Spellcasting   | |  3.0
Evocations     | |  1.1

Action                   || total
-------------------------++-------
Melee: Unarmed           ||    14
       Bite              ||     1
 Stab: Sleeping          ||     1
Dodge: Dodged            ||    10
